 Dungeon Crawl Stone Soup version 0.25-a0-634-gd1561dc703 (webtiles) character file.

Game seed: 18278365421083323512, levelgen mode: deterministic

4840 Eurus the Destroyer (level 10, -3/74 HPs)
             Began as a Mummy Conjurer on Mar 20, 2020.
             Was a Follower of Ashenzari.
             Slain by an unseen horror (5 damage)
             ... on level 8 of the Dungeon.
             The game lasted 00:26:20 (11117 turns).

Eurus the Destroyer (Mummy Conjurer)               Turns: 11117, Time: 00:26:20

Health: -3/74      AC: 10    Str: 12    XL:     10   Next: 25%
Magic:  13/22      EV: 12    Int: 18    God:    Ashenzari [*.....]
Gold:   428        SH:  0    Dex: 15    Spells: 18/25 levels left

rFire    x . .     SeeInvis .   q - +3 short sword (venom)
rCold    + . .     Gourm    .   (no shield)
rNeg     + + +     Faith    .   v - +0 leather armour (curse)
rPois    ∞         Spirit   .   g - +2 helmet (curse)
rElec    .         Reflect  .   l - +0 cloak {+Inv} (curse)
rCorr    .         Harm     .   (no gloves)
MR       +....                  x - +2 pair of boots {Fly} (curse)
Stlth    ++........             (no amulet)
HPRegen  0.22/turn              e - +3 ring of dexterity
MPRegen  0.18/turn              (no ring)

@: flying
A: no food or potions, fire vulnerability, cold resistance 1, negative energy
resistance 3, torment resistance, unbreathing
a: Curse Item, Scrying, Renounce Religion, Evoke Invisibility, Stop Flying


You were on level 8 of the Dungeon.
You worshipped Ashenzari.
Ashenzari was aware of your devotion.
You were not hungry.

You visited 2 branches of the dungeon, and saw 9 of its levels.

You collected 428 gold pieces.

Inventory:

Hand Weapons
 q - a +3 short sword of venom (weapon)
Armour
 g - a cursed +2 helmet (worn)
 l - a cursed +0 cloak of invisibility (worn)
 o - a +0 kite shield
 v - a cursed +0 leather armour (worn)
 x - a cursed +2 pair of boots of flying (worn)
Magical Staves
 r - an uncursed staff of air
Jewellery
 e - a +3 ring of dexterity (left hand)
Wands
 a - a wand of paralysis (7)
 j - a wand of iceblast (7)
Scrolls
 b - 11 scrolls of identify
 d - 3 scrolls of teleportation
 i - a scroll of torment
 k - 3 scrolls of remove curse
 m - 3 scrolls of fear
 s - a scroll of amnesia


   Skills:
 - Level 5.0 Fighting
 + Level 2.6 Armour
 - Level 1.5 Dodging
 - Level 1.5 Stealth
 + Level 4.0 Shields
 + Level 8.2 Spellcasting
 * Level 8.5 Conjurations
 + Level 4.8 Translocations


You had 18 spell levels left.
You knew the following spells:

 Your Spells              Type           Power        Failure   Level  Hunger
a - Magic Dart            Conj           ####         1%          1    N/A
b - Searing Ray           Conj           #####.       1%          2    N/A
c - Iskenderun's Mystic   Conj/Tloc      ####....     8%          4    N/A

Your spell library contained the following spells:

 Spells                   Type           Power        Failure   Level  Hunger
 Gell's Gravitas          Tloc           ###.......   4%          3    N/A
 Dazzling Flash           Conj/Hex       ###...       6%          3    N/A
 Fulminant Prism          Conj/Hex       ###.......   21%         4    N/A
 Confusing Touch          Hex            #.......     36%         3    N/A
 Petrify                  Tmut/Erth      #.......     77%         4    N/A
 Metabolic Englaciation   Hex/Ice        #.........   98%         5    N/A
 Yara's Violent Unravell  Hex/Tmut       #.........   98%         5    N/A

Dungeon Overview and Level Annotations

Branches:
Dungeon (8/15)             Temple (1/1) D:6
   Lair: D:8-11

Altars:
Ashenzari
Cheibriados
Dithmenos
Elyvilon
Fedhas
Hepliaklqana
Kikubaaqudgha
Makhleb
Nemelex Xobeh
Okawaru
Qazlal
Sif Muna
Trog
Uskayaw
Vehumet
Xom
Yredelemnul
Zin
The Shining One

Annotations:
D:8 exclusion: 3 doors


Innate Abilities, Weirdness & Mutations

You do not eat or drink.
Your flesh is vulnerable to fire.
You are immune to poison.
Your flesh is cold resistant. (rC+)
You are immune to negative energy. (rN+++)
You are immune to unholy pain and torment.
You can survive without breathing.


Message History

* * * LOW HITPOINT WARNING * * *
The searing ray hits something.
Something hits you but does no damage. x2
Something hits you!
* * * LOW HITPOINT WARNING * * *
Something hits you.
* * * LOW HITPOINT WARNING * * *
The searing ray hits the jelly!
The jelly is heavily wounded.
You finish channeling your searing ray.
Something hits you.
* * * LOW HITPOINT WARNING * * *
Casting: Searing Ray (safe; 1% risk of failure)
Confirm with . or Enter, or press ? or * to list all spells.
Aiming: Searing Ray (safe; 1% risk of failure)
Press: ? - help, Shift-Dir - straight line, f - jelly
Aim: a jelly (heavily wounded)
The searing ray hits something!
The searing ray hits the jelly!
You kill the jelly! (Press . to maintain the ray.)
Something hits you.
You die...

#.......# #.....## ###.......#
#######.###..##
.#..#.....#####.............#####
...########.....#####'#####.....#
##.## ##...#####...#.....#####..
#!.# ##..### #.#.#####.# ###
##.###..## #.#...#...# #
##...#.## #####.###.#.#######
##..>...# ##..{@.#.....#.....##
#[..##.## ##..#####.#.###.###..##
.......# #..## #...#...#.# ##..#
....#..# #.## #.#####.#.# ##.#
...##..# #.# #...).#...# #.#
#..##.## #)# #####'##### #.#
...#..# #.# #.# #...... ..##..#
.J. ... #.###+# ...#..# J.###
..#.l


There were no monsters in sight!

Vanquished Creatures
  Pikel (D:7)
  A hornet (D:7)
  A hungry ghost (D:8)
  Duvessa (D:4)
  A sky beast (D:6)
  2 orc warriors (D:7)
  2 ice beasts
  A black bear (D:7)
  7 ogres
  A necrophage (D:7)
  4 centaurs
  A bullfrog (D:6)
  2 scorpions (D:4)
  Dowan (D:4)
  8 killer bees
  6 howler monkeys
  8 wights
  5 crimson imps
  A centaur zombie (D:6)
  A bullfrog zombie (D:8)
  5 hounds
  4 jellies
  A gnoll shaman (D:5)
  4 orc priests
  A bullfrog skeleton (D:6)
  2 iguanas (D:8)
  3 orc wizards
  3 worker ants
  A hound zombie (D:6)
  A hound skeleton (D:7)
  16 gnolls
  A howler monkey skeleton (D:7)
  11 adders
  2 shadow imps
  4 oozes
  An adder skeleton (D:4)
  2 adder zombies
  A worm (D:3)
  A dart slug (D:1)
  4 leopard geckos
  26 orcs
  7 bats
  6 giant cockroaches
  5 goblins
  10 hobgoblins
  7 jackals
  2 quokkas (D:3)
  2 ball pythons
  2 frilled lizards
  A jackal skeleton (D:8)
  4 kobolds
  A leopard gecko skeleton (D:4)
  2 quokka zombies
  7 rats
205 creatures vanquished.

Notes
Turn   | Place    | Note
-------+----------+-------------------------------------------
     0 | D:1      | Eurus the Mummy Conjurer began the quest for the Orb.
     0 | D:1      | Reached XP level 1. HP: 13/13 MP: 4/4
   405 | D:1      | Reached XP level 2. HP: 19/19 MP: 4/6
   409 | D:1      | Learned a level 2 spell: Searing Ray
  1355 | D:2      | Noticed an ogre
  1401 | D:2      | Reached XP level 3. HP: 23/24 MP: 1/7
  1676 | D:2      | Found a blossoming altar of Fedhas.
  2020 | D:2      | Found a burning altar of Makhleb.
  2026 | D:2      | Reached skill level 1 in Fighting
  2026 | D:2      | Reached XP level 4. HP: 32/32 MP: 4/9
  2379 | D:3      | Found a glowing golden altar of the Shining One.
  2397 | D:3      | Found a sparkling altar of Nemelex Xobeh.
  2803 | D:3      | Reached XP level 5. HP: 28/37 MP: 2/11
  2878 | D:3      | Learned a level 4 spell: Iskenderun's Mystic Blast
  3190 | D:3      | Found a hide-covered altar of Uskayaw.
  3446 | D:2      | Killed an ogre
  3573 | D:4      | Reached skill level 1 in Translocations
  3586 | D:4      | Noticed an ogre
  3599 | D:4      | Killed an ogre
  3599 | D:4      | Reached skill level 5 in Conjurations
  3599 | D:4      | Reached XP level 6. HP: 44/44 MP: 3/13
  3686 | D:4      | Noticed Duvessa
  3955 | D:4      | Reached skill level 5 in Spellcasting
  4115 | D:4      | Reached XP level 7. HP: 41/51 MP: 5/14
  4200 | D:4      | Found an iron altar of Okawaru.
  4249 | D:4      | Noticed Dowan
  4256 | D:4      | Killed Dowan
  4327 | D:4      | Killed Duvessa
  4801 | D:4      | Found a shadowy altar of Dithmenos.
  4837 | D:5      | Entered Level 5 of the Dungeon
  5223 | D:4      | Reached skill level 1 in Shields
  5307 | D:5      | Reached XP level 8. HP: 33/59 MP: 9/16
  5741 | D:5      | Found a shimmering altar of Xom.
  5746 | D:5      | Found a radiant altar of Vehumet.
  6233 | D:5      | Found a shimmering blue altar of Sif Muna.
  6901 | D:6      | Got a faintly glowing chain mail
  7093 | D:6      | Reached XP level 9. HP: 46/66 MP: 11/19
  7201 | D:6      | Found a staircase to the Ecumenical Temple.
  7310 | Temple   | Entered the Ecumenical Temple
  7380 | Temple   | Became a worshipper of Ashenzari the Shackled
  8449 | D:7      | Reached skill level 5 in Fighting
  8719 | D:7      | Reached skill level 1 in Armour
  9218 | D:7      | Found an ancient bone altar of Kikubaaqudgha.
  9602 | D:7      | Noticed Pikel
  9613 | D:7      | Killed Pikel
  9870 | D:8      | Reached XP level 10. HP: 74/74 MP: 14/21
 10535 | D:8      | Found a white marble altar of Elyvilon.
 10811 | D:8      | Reached * piety under Ashenzari
 11115 | D:8      | HP: 2/74 [something (4)]
 11117 | D:8      | Slain by an unseen horror

Levels and vault maps discovered:
D:1:      onia_arrival_pyramid, layout_basic
D:2:      layout_basic, fedhas_altar_3, makhleb_heckhound_becter
D:3:      layout_loops_ring, nemelex_xobeh_ov_fountains_minmay,
          eat_drink_and_be_merry_uskayaw, tso_oasis_becter,
          supply_closet_lemuel, minmay_guardbox
D:4:      layout_cave_pools, old_standard_altar, nicolae_overflow_hidden_temple,
          uniq_duvessa
D:5:      layout_rooms, gammafunk_temple_overflow_pools, first_ration,
          lemuel_blue_sif_altar
D:6:      layout_cave_pods, minmay_temple_entry_proselytizer
D:7:      layout_loops_corners, marbit_many_paths, uniq_pikel
D:8:      minmay_the_grid_plus_closed [minmay_the_grid_tiny_cups,
          minmay_the_grid_zigzag_pyramid, minmay_the_grid_paths,
          minmay_the_grid_doors, minmay_the_grid_prize_four_corners_diamond_a],
          layout_cave_pods, basic_altar
Temple:   cyrus_temple_forest

Skill      XL: |  1  2  3  4  5  6  7  8  9 10 |
---------------+-------------------------------+-----
Spellcasting   | 3 4 5 6 7 8 |  8.2
Conjurations   | 4 5 6 7 8 |  8.5
Fighting       | 1 2 3 4 5 |  5.0
Translocations | 1 2 3 4 |  4.8
Shields        | 1 2 3 4 |  4.0
Armour         | 2 |  2.6
Dodging        | |  1.5
Stealth        | |  1.5

Action                   |  1- 3 |  4- 6 |  7- 9 | 10-12 || total
-------------------------+-------+-------+-------+-------++-------
Melee: Club              |    23 |    50 |     5 |       ||    78
       Short sword       |       |       |    42 |       ||    42
 Cast: Magic Dart        |    37 |    40 |    69 |    10 ||   156
       Searing Ray       |     5 |    20 |    90 |    19 ||   134
Invok: Curse Item        |       |       |     3 |       ||     3
  Use: Scroll            |       |       |    10 |     1 ||    11
Armor: Robe              |     5 |    18 |    49 |     2 ||    74
       Leather armour    |       |       |       |     8 ||     8
Dodge: Dodged            |    23 |    61 |   108 |    17 ||   209

Table legend:
 A = Non-vault XP
 B = Vault XP
 C = Vault XP percentage of total XP
 D = Non-vault monster count
 E = Vault monster count
 F = Vault count percentage of total count
                 A         B        C        D         E       F
            +---------+---------+-------+---------+---------+-------
      Total |    5461 |    1454 |  21.0 |     182 |      23 |  11.2
            +---------+---------+-------+---------+---------+-------
        D:1 |      38 |       0 |   0.0 |      17 |       0 |   0.0
        D:2 |     173 |      42 |  19.5 |      11 |       1 |   8.3
        D:3 |      60 |      29 |  32.6 |      20 |      11 |  35.5
        D:4 |     550 |     216 |  28.2 |      21 |       2 |   8.7
        D:5 |     773 |       0 |   0.0 |      32 |       0 |   0.0
        D:6 |    1229 |      41 |   3.2 |      32 |       1 |   3.0
        D:7 |    1715 |     629 |  26.8 |      31 |       1 |   3.1
        D:8 |     923 |     497 |  35.0 |      18 |       7 |  28.0
            +---------+---------+-------+---------+---------+-------
